PCL
GRESHAM GOLD SOULS @ ALBUQUERQUE ISOTOPES
06/03/2026
 
TOP OF THE 1ST
Gresham Gold Souls batting - Pitching for Albuquerque Isotopes : RHP Jesús Silva
Pitching: RHP Jesús Silva
Batting: RHB Matt Davidson 0-0: Called Strike
0-1: Ball
1-1: Ground out 2-3 (Groundball, 2R)
Batting: RHB Peter Hensley 0-0: Foul Ball, location: 2F
0-1: Ball
1-1: Ground out 6-3 (Groundball, 6M)
Batting: RHB Lorenzo Morín 0-0: Ball
1-0: Called Strike
1-1: Ball
2-1: Ball
3-1: Swinging Strike
3-2: Strikes out looking
Top of the 1st over - 0 run(s), 0 hit(s), 0 error(s), 0 left on base; Gresham 0 - Albuquerque 0
BOTTOM OF THE 1ST
Albuquerque Isotopes batting - Pitching for Gresham Gold Souls : RHP Butch Ramey
Pitching: RHP Butch Ramey
Batting: RHB Alfonso Huertas 0-0: Called Strike
0-1: Ball
1-1: Ground out U3 (Groundball, 3S)
Batting: RHB Juan Vareas 0-0: Ball
1-0: Ball
2-0: Swinging Strike
2-1: Foul Ball, location: 2F
2-2: Ball
3-2: Base on Balls
Batting: SHB Lee Townsend 0-0: Foul Ball, location: 2F
0-1: SINGLE (Groundball, 34D)
Juan Vareas to second
Runner from 2nd tries for 3rd, SAFE, no throw or cutoff
Batting: LHB Mark Vestal 0-0: Ball
1-0: Ball
2-0: DOUBLE (Line Drive, 3D)
Juan Vareas scores
Lee Townsend to third
Batting: LHB Bernardo Montés 0-0: Called Strike
0-1: Foul Ball, location: 2F
0-2: Ball
1-2: Ball
2-2: Foul Ball, location: 2F
2-2: Ball
3-2: 3-RUN HOME RUN (Flyball, 9D), Distance : 375 ft
Batting: RHB Arturo García 0-0: SINGLE (Groundball, 2L) (infield hit)
Batting: RHB Juan Alberto 0-0: Called Strike
0-1: Called Strike
0-2: Grounds into double play, 5-4-3 (Groundball, 56)
Bottom of the 1st over - 4 run(s), 4 hit(s), 0 error(s), 0 left on base; Gresham 0 - Albuquerque 4
TOP OF THE 2ND
Gresham Gold Souls batting - Pitching for Albuquerque Isotopes : RHP Jesús Silva
Batting: SHB Alexandre Chabot 0-0: Called Strike
0-1: Foul Ball, location: 2F
0-2: Ball
1-2: Strikes out swinging
Batting: RHB Claudio Guerra 0-0: Ball
1-0: Foul Ball, location: 2F
1-1: Ground out 5-3 (Groundball, 56S)
Batting: RHB Jesús Gutiérrez 0-0: Ball
1-0: Foul Ball, location: 2F
1-1: Ball
2-1: Swinging Strike
2-2: Ball
3-2: Foul Ball, location: 2F
3-2: Ground out 1-3 (Groundball, 15)
Top of the 2nd over - 0 run(s), 0 hit(s), 0 error(s), 0 left on base; Gresham 0 - Albuquerque 4
BOTTOM OF THE 2ND
Albuquerque Isotopes batting - Pitching for Gresham Gold Souls : RHP Butch Ramey
Batting: RHB Luis Martínez 0-0: Ground out 5-3 (Groundball, 5L)
Batting: LHB António De Los Ángeles 0-0: Called Strike
0-1: Foul Ball, location: 2F
0-2: Strikes out swinging
Batting: RHB Alfonso Huertas 0-0: Swinging Strike
0-1: Ball
1-1: Foul Ball, location: 2F
1-2: Strikes out looking
Bottom of the 2nd over - 0 run(s), 0 hit(s), 0 error(s), 0 left on base; Gresham 0 - Albuquerque 4
TOP OF THE 3RD
Gresham Gold Souls batting - Pitching for Albuquerque Isotopes : RHP Jesús Silva
Batting: RHB Rob Bailey 0-0: Swinging Strike
0-1: SINGLE (Groundball, 4M)
Batting: SHB Todd Smith 0-0: Called Strike
0-1: Swinging Strike
0-2: Ball
1-2: Strikes out swinging
Batting: RHB Jim Edgar 0-0: Foul Ball, location: 2F
0-1: Ball
1-1: Grounds into double play, 6-4-3 (Groundball, 6)
Top of the 3rd over - 0 run(s), 1 hit(s), 0 error(s), 0 left on base; Gresham 0 - Albuquerque 4
BOTTOM OF THE 3RD
Albuquerque Isotopes batting - Pitching for Gresham Gold Souls : RHP Butch Ramey
Batting: RHB Juan Vareas 0-0: Called Strike
0-1: Ball
1-1: Ball
2-1: Ball
3-1: Reached on error, E5 (Groundball, 5L)
Batting: SHB Lee Townsend 0-0: Called Strike
0-1: Ball
1-1: Foul Ball, location: 2F
1-2: Strikes out looking
Batting: LHB Mark Vestal 0-0: Ball
Juan Vareas is caught stealing 2nd base
1-0: Foul Ball, location: 2F
1-1: Ball
2-1: Ball
3-1: Swinging Strike
3-2: Strikes out swinging
Bottom of the 3rd over - 0 run(s), 0 hit(s), 1 error(s), 0 left on base; Gresham 0 - Albuquerque 4
TOP OF THE 4TH
Gresham Gold Souls batting - Pitching for Albuquerque Isotopes : RHP Jesús Silva
Batting: RHB Matt Davidson 0-0: Ball
1-0: Foul Ball, location: 2F
1-1: Foul Ball, location: 2F
1-2: Ball
2-2: SOLO HOME RUN (Flyball, 7D), Distance : 383 ft
Batting: RHB Peter Hensley 0-0: Ball
1-0: Swinging Strike
1-1: Ground out 5-3 (Groundball, 5S)
Batting: RHB Lorenzo Morín 0-0: Called Strike
0-1: Swinging Strike
0-2: Ball
1-2: Foul Ball, location: 2F
1-2: Strikes out swinging
Batting: SHB Alexandre Chabot 0-0: Called Strike
0-1: Ground out U3 (Groundball, 3)
Top of the 4th over - 1 run(s), 1 hit(s), 0 error(s), 0 left on base; Gresham 1 - Albuquerque 4
BOTTOM OF THE 4TH
Albuquerque Isotopes batting - Pitching for Gresham Gold Souls : RHP Butch Ramey
Batting: LHB Bernardo Montés 0-0: Ball
1-0: SINGLE (Line Drive, 34)
Batting: RHB Arturo García 0-0: Foul Ball, location: 2F
0-1: Foul Ball, location: 2F
0-2: Ground out 5-3 (Groundball, 5S)
Bernardo Montés to second
Batting: RHB Juan Alberto 0-0: Ball
1-0: Swinging Strike
1-1: Foul Ball, location: 2F
1-2: Strikes out swinging
Batting: RHB Luis Martínez 0-0: Ball
1-0: Ball
2-0: Ground out 6-3 (Groundball, 6)
Bottom of the 4th over - 0 run(s), 1 hit(s), 0 error(s), 1 left on base; Gresham 1 - Albuquerque 4
TOP OF THE 5TH
Gresham Gold Souls batting - Pitching for Albuquerque Isotopes : RHP Jesús Silva
Batting: RHB Claudio Guerra 0-0: Called Strike
0-1: Foul Ball, location: 2F
0-2: Ball
1-2: Ground out 4-3 (Groundball, 4)
Batting: RHB Jesús Gutiérrez 0-0: Ball
1-0: Called Strike
1-1: Ball
2-1: Ball
3-1: Called Strike
3-2: SINGLE (Line Drive, 78S)
Batting: RHB Rob Bailey 0-0: SINGLE (Line Drive, 4MD)
Jesús Gutiérrez to second
Batting: SHB Todd Smith 0-0: Ball
1-0: Foul Ball, location: 2F
1-1: Foul Ball, location: 2F
1-2: 3-RUN HOME RUN (Line Drive, 89XD), Distance : 395 ft
Batting: RHB Jim Edgar 0-0: Fly out, F7 (Line Drive, 78S)
Batting: RHB Matt Davidson 0-0: Called Strike
0-1: Foul Ball, location: 2F
0-2: Ball
1-2: Ball
2-2: SINGLE (Flyball, 8LS)
Batting: RHB Peter Hensley 0-0: Fly out, F7 (Flyball, 7D)
Top of the 5th over - 3 run(s), 4 hit(s), 0 error(s), 1 left on base; Gresham 4 - Albuquerque 4
BOTTOM OF THE 5TH
Albuquerque Isotopes batting - Pitching for Gresham Gold Souls : RHP Butch Ramey
Batting: LHB António De Los Ángeles 0-0: Ball
1-0: Ground out 1-3 (Groundball, 25)
Batting: RHB Alfonso Huertas 0-0: Foul Ball, location: 2F
0-1: Ball
1-1: Foul Ball, location: 2F
1-2: Fly out, F9 (Flyball, 9S)
Batting: RHB Juan Vareas 0-0: SINGLE (Groundball, 15S) (infield hit)
Batting: SHB Lee Townsend 0-0: Called Strike
Juan Vareas steals 2nd base
0-1: Ground out 4-3 (Groundball, 4)
Bottom of the 5th over - 0 run(s), 1 hit(s), 0 error(s), 1 left on base; Gresham 4 - Albuquerque 4
TOP OF THE 6TH
Gresham Gold Souls batting - Pitching for Albuquerque Isotopes : RHP Jesús Silva
Batting: RHB Lorenzo Morín 0-0: Ball
1-0: Ball
2-0: Called Strike
2-1: Ball
3-1: Foul Ball, location: 2F
3-2: Ground out 6-3 (Groundball, 6MS)
Batting: SHB Alexandre Chabot 0-0: Called Strike
0-1: Ball
1-1: Foul Ball, location: 2F
1-2: Ball
2-2: SOLO HOME RUN (Line Drive, 89XD), Distance : 401 ft
Batting: RHB Claudio Guerra 0-0: Swinging Strike
0-1: Ground out 4-3 (Groundball, 34)
Batting: RHB Jesús Gutiérrez 0-0: Swinging Strike
0-1: Foul Ball, location: 2F
0-2: Fly out, F8 (Flyball, 78M)
Top of the 6th over - 1 run(s), 1 hit(s), 0 error(s), 0 left on base; Gresham 5 - Albuquerque 4
BOTTOM OF THE 6TH
Albuquerque Isotopes batting - Pitching for Gresham Gold Souls : RHP Butch Ramey
Batting: LHB Mark Vestal 0-0: Ball
1-0: Foul Ball, location: 2F
1-1: Ball
2-1: Ball
3-1: SOLO HOME RUN (Flyball, 7D), Distance : 365 ft
Batting: LHB Bernardo Montés 0-0: Foul Ball, location: 2F
0-1: Called Strike
0-2: Strikes out swinging
Batting: RHB Arturo García 0-0: Ball
1-0: Ball
2-0: Fly out, F9 (Line Drive, 9M)
Batting: RHB Juan Alberto 0-0: Called Strike
0-1: Fly out, F8 (Line Drive, 8LXD)
Bottom of the 6th over - 1 run(s), 1 hit(s), 0 error(s), 0 left on base; Gresham 5 - Albuquerque 5
TOP OF THE 7TH
Gresham Gold Souls batting - Pitching for Albuquerque Isotopes : RHP Jesús Silva
Pitching: RHP Cory Lowe
Pinch Hitting: LHB Bill Smith 0-0: Ball
1-0: SINGLE (Groundball, 34D)
Batting: SHB Todd Smith 0-0: SINGLE (Groundball, 34D)
Bill Smith to second
Bill Smith to third
Pinch Hitting: RHB Pepe Medrano 0-0: Called Strike
0-1: Ball
1-1: Swinging Strike
1-2: Ball
2-2: Hit by Pitch
Todd Smith to second
Batting: RHB Matt Davidson 0-0: Ball
1-0: Called Strike
1-1: Ball
2-1: Swinging Strike
2-2: Ball
3-2: Base on Balls
Bill Smith scores
Todd Smith to third
Pepe Medrano to second
Batting: RHB Peter Hensley 0-0: Called Strike
0-1: Ball
1-1: Fly out, F7 (Flyball, 78M)
Runner from 3rd tags up, SCORES, throw made
Batting: RHB Lorenzo Morín 0-0: Foul Ball, location: 2F
0-1: Ball
1-1: Ball
2-1: Ball
3-1: Base on Balls
Pepe Medrano to third
Matt Davidson to second
Batting: SHB Alexandre Chabot 0-0: Called Strike
0-1: Called Strike
0-2: Ball
1-2: Strikes out looking
Batting: RHB Claudio Guerra 0-0: Foul Ball, location: 2F
0-1: Ball
1-1: Swinging Strike
1-2: Ball
2-2: Strikes out swinging
Top of the 7th over - 2 run(s), 2 hit(s), 0 error(s), 3 left on base; Gresham 7 - Albuquerque 5
BOTTOM OF THE 7TH
Albuquerque Isotopes batting - Pitching for Gresham Gold Souls : RHP Butch Ramey
Now at 2B: Pepe Medrano
Now in RF: Bill Smith
Batting: RHB Luis Martínez 0-0: Called Strike
0-1: Ball
1-1: Ball
2-1: Ground out 5-3 (Groundball, 5L)
Batting: LHB António De Los Ángeles 0-0: Called Strike
0-1: Ball
1-1: Swinging Strike
1-2: Ball
2-2: Ball
3-2: Strikes out looking
Batting: RHB Alfonso Huertas 0-0: Ball
1-0: Ball
2-0: Ball
3-0: Called Strike
3-1: Foul Ball, location: 2F
3-2: Ground out 5-3 (Groundball, 5S)
Bottom of the 7th over - 0 run(s), 0 hit(s), 0 error(s), 0 left on base; Gresham 7 - Albuquerque 5
TOP OF THE 8TH
Gresham Gold Souls batting - Pitching for Albuquerque Isotopes : RHP Cory Lowe
Batting: RHB Jesús Gutiérrez 0-0: Ball
1-0: Ball
2-0: Ground out 5-3 (Groundball, 56S)
Batting: LHB Bill Smith 0-0: Ball
1-0: Ball
2-0: Foul Ball, location: 2F
2-1: Ball
3-1: Base on Balls
Pitching: RHP Juan Rodríguez
Batting: SHB Todd Smith Pickoff Throw to First - Out!
0-0: DOUBLE (Flyball, 9D)
Batting: RHB Pepe Medrano 0-0: Ball
1-0: Foul Ball, location: 2F
1-1: Ball
2-1: Swinging Strike
2-2: Ball
3-2: 2-RUN HOME RUN (Flyball, 8LXD), Distance : 437 ft
Batting: RHB Matt Davidson 0-0: Called Strike
0-1: Called Strike
0-2: Ball
1-2: Ground out 6-3 (Groundball, 6M)
Top of the 8th over - 2 run(s), 2 hit(s), 0 error(s), 0 left on base; Gresham 9 - Albuquerque 5
BOTTOM OF THE 8TH
Albuquerque Isotopes batting - Pitching for Gresham Gold Souls : RHP Butch Ramey
Pitching: RHP Isaac Coleman
Batting: RHB Juan Vareas 0-0: Ball
1-0: Ball
2-0: Ball
3-0: Base on Balls
Batting: SHB Lee Townsend 0-0: Swinging Strike
0-1: Foul Ball, location: 2F
0-2: Ball
1-2: Ball
2-2: Strikes out swinging
Batting: LHB Mark Vestal 0-0: Ball
1-0: Called Strike
1-1: Foul Ball, location: 2F
1-2: Strikes out swinging
Batting: LHB Bernardo Montés 0-0: Ball
1-0: Reached on error, E4 (Groundball, 34)
Juan Vareas to second
Pitching: RHP Jamal Clayton
Batting: RHB Arturo García 0-0: Called Strike
0-1: Ball
1-1: Called Strike
1-2: Strikes out swinging
Bottom of the 8th over - 0 run(s), 0 hit(s), 1 error(s), 2 left on base; Gresham 9 - Albuquerque 5
TOP OF THE 9TH
Gresham Gold Souls batting - Pitching for Albuquerque Isotopes : RHP Juan Rodríguez
Pitching: RHP Manny Muńóz
Batting: RHB Peter Hensley 0-0: Ball
1-0: Foul Ball, location: 2F
1-1: Called Strike
1-2: Ball
2-2: Strikes out looking
Batting: RHB Lorenzo Morín 0-0: Ball
1-0: Ball
2-0: Called Strike
2-1: Called Strike
2-2: Fly out, F6 (Popup, 4MD)
Batting: SHB Alexandre Chabot 0-0: Called Strike
0-1: Foul Ball, location: 2F
0-2: Fly out, F7 (Flyball, 7M)
Top of the 9th over - 0 run(s), 0 hit(s), 0 error(s), 0 left on base; Gresham 9 - Albuquerque 5
BOTTOM OF THE 9TH
Albuquerque Isotopes batting - Pitching for Gresham Gold Souls : RHP Jamal Clayton
Batting: RHB Juan Alberto 0-0: Ball
1-0: SOLO HOME RUN (Flyball, 8LXD), Distance : 420 ft
Pitching: RHP Luis Fernández
Batting: RHB Luis Martínez 0-0: Ball
1-0: Foul Ball, location: 2F
1-1: Swinging Strike
1-2: Ball
2-2: Strikes out swinging
Batting: LHB António De Los Ángeles 0-0: Foul Ball, location: 2F
0-1: Ball
1-1: Swinging Strike
1-2: Ball
2-2: Foul Ball, location: 2F
2-2: Ball
3-2: Fly out, F7 (Flyball, 78M)
Batting: RHB Alfonso Huertas 0-0: Ball
1-0: Called Strike
1-1: Ball
2-1: Fly out, F8 (Popup, 6MD)
Bottom of the 9th over - 1 run(s), 1 hit(s), 0 error(s), 0 left on base; Gresham 9 - Albuquerque 6
Monday, December 5th, 2016 - OOTP Baseball 17.12 Build 75